Unix NetHack Version 5.0.0-0 post-release - last build May 23 2026 06:08:33 (1c0ff79ee797540d5714e4e18072db0edd9e58ae,branch:main).

Game began 2026-05-26 17:26:37, ended 2026-05-27 14:39:27.

Barrb, neutral female human Barbarian

                               ..G.
                               %@!.
                               ..C.
                                -.-
                                |.|
                                |.|
                                |.|
                                |.--
                                |..-----
                                --.)...--
                                --.)....|
                                |<......|
                                |..|....--
                                ------...|
                                     |..--
                                     ----
Barrb the Bandit           St:18/02 Dx:17 Co:18 In:8 Wi:8 Ch:6  Neutral
Dlvl:12 $:82 HP:0(107) Pw:30(30) AC:-1 Xp:9 T:7404 

Latest messages:
 You kill the gnome lord!
 The mountain centaur hits!
 The mountain centaur kicks!
 The mountain centaur kicks again!
 The gnome king hits!
 The gnome lord swings his axe.
 The gnome lord just misses!
 The mountain centaur hits!
 The mountain centaur kicks!
 The mountain centaur kicks again!
 You smite the gnome lord!
 The mountain centaur hits!
 The mountain centaur kicks!
 The mountain centaur kicks again!
 The gnome king hits!
 The mountain centaur just misses!
 The mountain centaur misses!
 The mountain centaur kicks!
 You smite the gnome lord!
 The gnome lord turns to flee.
 The mountain centaur misses!
 The mountain centaur kicks!
 The mountain centaur kicks again!
 The gnome king misses!
 The mountain centaur misses!
 The mountain centaur kicks!
 The mountain centaur kicks again!
 You smite the gnome lord!
 The mountain centaur misses!
 The mountain centaur misses!
 The mountain centaur kicks!
 The gnome king misses!
 A dagger misses you.
 The gnome lord picks up a dart.
 You kill the gnome lord!
 The mountain centaur hits!
 The mountain centaur kicks!
 The mountain centaur misses!
 You miss the mountain centaur.
 The mountain centaur misses!
 The mountain centaur kicks!
 The mountain centaur kicks again!
 The mountain centaur misses!
 The mountain centaur kicks!
 The mountain centaur kicks again!
 Are you sure you want to pray? [yn] (n) y
 You begin praying to Crom.
 The mountain centaur hits!
 You die...
 Do you want your possessions identified? [ynq] (y) q

Inventory:
 Coins    ('$')
  $ - 82 gold pieces
 Amulets  ('"')
  a - an uncursed amulet of reflection
 Weapons  (')')
  y - 8 poisoned +2 orcish arrows (in quiver)
  H - 37 +0 darts
  g - a rusty +0 two-handed sword
 Armor    ('[')
  F - an uncursed greased +0 dwarvish iron helm (being worn)
  h - an uncursed +0 pair of gauntlets of dexterity (being worn)
  W - a blessed +1 pair of gauntlets of power
  m - an uncursed +0 pair of iron shoes (being worn)
  r - a blessed greased +0 dwarvish cloak (being worn)
  C - an uncursed +0 dwarvish mithril-coat (being worn)
 Comestibles  ('%')
  Y - an uncursed slime mold
  s - an uncursed carrot
  w - an uncursed clove of garlic
  V - an uncursed food ration
  U - 2 uncursed lembas wafers
  E - 2 uncursed lizard corpses
 Scrolls  ('?')
  R - an uncursed scroll of destroy armor
  Z - an uncursed scroll of enchant armor
  G - 2 uncursed scrolls of identify
  n - an uncursed scroll of magic mapping
 Potions  ('!')
  S - an uncursed potion of acid
  Q - 2 uncursed potions of healing
 Rings    ('=')
  M - an uncursed ring of fire resistance (on right hand)
 Wands    ('/')
  X - a wand of digging (0:3)
  x - a wand of light (0:9)
  O - a wand of secret door detection (0:13)
  t - a wand of striking (0:3)
 Tools    ('(')
  u - an uncursed bag of holding containing 7 items
  P - an uncursed blindfold
  v - a blessed can of grease (0:22)
  I - an uncursed lock pick
  B - an uncursed tin whistle
 Gems/Stones  ('*')
  k - an uncursed agate stone
  T - 2 uncursed worthless pieces of orange glass
  N - 2 uncursed worthless pieces of yellow glass
  i - 17 uncursed rocks

Contents of the bag of holding:
  246 gold pieces
  an uncursed +0 pair of leather gloves
  an uncursed scroll of confuse monster
  an uncursed scroll of identify
  an uncursed scroll of taming
  a magic marker (0:56)
  a +0 pick-axe

Barrb the Barbarian's attributes:

Background:
 You were a Bandit, a level 9 female human Barbarian.
 You were neutral, on a mission for Crom
 who was opposed by Mitra (lawful) and Set (chaotic).
 You were right-handed.
 You were in the Gnomish Mines, on level 12.
 You entered the dungeon 7404 turns ago.
 You had 2658 experience points, 2462 more were needed to attain level 10.

Basics:
 You had 0 out of 107 hit points.
 You had all 30 energy points (spell power).
 Your armor class was -1.
 Your wallet contained 82 zorkmids, and
 you had 246 more stashed away in your pack.
 Autopickup was off.

Final Characteristics:
 Your strength was 18/02 (limit:18/100).
 Your dexterity was 17 (limit:18).
 Your constitution was 18 (limit:18).
 Your intelligence was 8 (limit:18).
 Your wisdom was 8 (limit:18).
 Your charisma was 6 (limit:18).

Final Status:
 You weren't hungry.
 You were unencumbered.
 You were empty handed.
 You had basic skill with bare handed combat.

Final Attributes:
 You were piously aligned.
 You were fire resistant.
 Your items were protected from fire.
 Your items were somewhat protected from cold.
 You were poison resistant.
 You were telepathic.
 You were guarded.
 You were fast.
 You were unlucky.
 You are dead.

Miscellaneous:
 You didn't encounter any bones levels.
 Total elapsed playing time was 1 hour, 54 minutes and 11 seconds.

Major events:
 Turn
    1: Barrb the neutral female human Barbarian entered the dungeon
 1710: attained the rank of Pillager (level 3)
 2401: entered the Gnomish Mines
 3137: attained the rank of Bandit (level 6)
 4710: reached Mine Town
 7404: killed by a mountain centaur, while praying

You didn't know any spells.

Skills:
 Fighting Skills
   bare handed combat [Basic]
   two weapon combat  [Unskilled]
   riding             [Unskilled]
 Weapon Skills
   dagger             [Unskilled]
   axe                [Basic]
   pick-axe           [Unskilled]
   short sword        [Unskilled]
   broadsword         [Unskilled]
   long sword         [Unskilled]
   two-handed sword   [Basic]
   saber              [Unskilled]
   club               [Unskilled]
   mace               [Unskilled]
   morning star       [Unskilled]
   flail              [Unskilled]
   hammer             [Unskilled]
   quarterstaff       [Unskilled]
   spear              [Unskilled]
   trident            [Unskilled]
   bow                [Unskilled]
 Spellcasting Skills
   attack spells      [Unskilled]
   escape spells      [Unskilled]

Voluntary challenges:
 Character rerolling was not enabled.
 You never genocided any monsters.
 You never polymorphed an object.
 You never changed form.
 You used no wishes.
Achievements:
 You entered a shop.
 You attained the rank of Pillager.
 You entered the Gnomish Mines.
 You attained the rank of Bandit.
 You entered Minetown.
 You entered a temple.

 The Dungeons of Doom: levels 1 to 5
    Level 1:
       Some fountains.
    Level 2:
    Level 3:
       A general store, an altar.
    Level 4:
       A general store.
       Stairs down to The Gnomish Mines.
    Level 5:
       Some fountains.
 The Gnomish Mines: levels 5 to 12
    Level 5:
    Level 6:
    Level 7:
    Level 8:
       Many shops, a temple and an altar, some fountains.
    Level 9:
    Level 10:
    Level 11:
    Level 12: <- You were here.
       Final resting place for
          you, killed by a mountain centaur, while praying.


Vanquished creatures:
  a large mimic
  2 small mimics
  a wood golem
  a tiger
  a leocrotta
  a stone giant
  a carnivorous ape
  a giant beetle
  a quivering blob
  3 leprechauns
  a giant spider
  a scorpion
 an orc mummy
  a Green-elf
  2 lizards
  2 dingoes
  2 housecats
  a jaguar
  a dwarf leader
  a raven
  2 wood nymphs
  a water nymph
  a mountain nymph
  5 Mordor orcs
  6 Uruk-hai
 an orc shaman
  3 rock moles
  a fog cloud
  4 yellow lights
 11 gnome leaders
  8 gnomish wizards
  a kobold mummy
  a gray ooze
  a little dog
  2 floating eyes
 13 dwarves
  3 homunculi
  a kobold shaman
  a rothe
  a rabid rat
  a centipede
  a giant bat
  a monkey
  3 orc zombies
  2 wererats
  a werejackal
 an iguana
 an acid blob
  a coyote
  2 gas spores
  4 hobbits
  a large kobold
  4 giant rats
  a brown mold
  a yellow mold
 56 gnomes
  a gecko
  5 jackals
  2 foxes
  5 goblins
  7 sewer rats
  9 grid bugs
  2 bats
  a lichen
  7 newts
213 creatures vanquished.

No species were genocided or became extinct.

Game over:
                       ----------
                      /          \
                     /    REST    \
                    /      IN      \
                   /     PEACE      \
                  /                  \
                  |      Barrb       |
                  |      328 Au      |
                  |   killed by a    |
                  | mountain centaur |
                  |                  |
                  |                  |
                  |       2026       |
                 *|     *  *  *      | *
        _________)/\\_//(\/(/\)/\//\/|_)_______

Goodbye Barrb the Barbarian...

You died in The Gnomish Mines on dungeon level 12 with 11558 points,
and 328 pieces of gold, after 7404 moves.
You were level 9 with a maximum of 107 hit points when you died.

